 Dungeon Crawl Stone Soup version 0.18.1-5-g4a78601 (webtiles) character file.

12973 st0uf the Basher (level 11, -3/99 HPs)
             Began as a Green Draconian Berserker on May 14, 2016.
             Was a High Priest of Trog.
             Engulfed by a fire crab's flame (7 damage)
             ... on level 1 of the Lair of Beasts.
             The game lasted 00:57:50 (10852 turns).

st0uf the Basher (Green Draconian Berserker)       Turns: 10852, Time: 00:57:50

Health: -3/99      AC: 14    Str: 22    XL:     11   Next: 69%
Magic:  0/11       EV: 14    Int: 14    God:    Trog [*****.]
Gold:   577        SH: 12    Dex: 10    Spells: 0 memorised, 10 levels left

rFire  + . .     SeeInvis .     K - +1 eveningstar "Brilliance" {holy, rN+ AC+5 Int+5}
rCold  . . .     Gourm    .     (armour unavailable)
rNeg   + . .     Faith    .     H - +2 shield
rPois  +         Spirit   +     (helmet restricted)
rElec  .         Dismiss  .     J - +0 cloak
rCorr  .         Reflect  .     (no gloves)
SustAt .         Harm     .     w - +0 pair of boots
MR     .....                    x - amulet of guardian spirit
Stlth  +.........               (no ring)
                                z - ring of protection from fire

@: glowing, not resistant to hostile enchantments, very unstealthy
A: breathe noxious fumes, unfitting armour, poison resistance, cold-blooded, AC
+7
a: Breathe Noxious Fumes, Berserk, Trog's Hand, Brothers in Arms, Burn
Spellbooks, Renounce Religion


You were on level 1 of the Lair of Beasts.
You worshipped Trog.
Trog was extremely pleased with you.
You were very hungry.

You visited 2 branches of the dungeon, and saw 11 of its levels.
You also visited: Sewer and Ossuary.

You collected 642 gold pieces.
You spent 65 gold pieces at shops.

Inventory:

Hand Weapons
 a - a +0 mace
 n - a +0 blowgun
 K - the +1 eveningstar "Brilliance" (weapon) {holy, rN+ AC+5 Int+5}
   (You found it on level 6 of the Dungeon)

   It has been blessed by the Shining One to cause great damage to the undead
   and demons.
   It affects your AC (+5).
   It affects your intelligence (+5).
   It protects you from negative energy.
 V - the +5 greatsling of the Abyss {freeze, MR- Int+4}
   (Trog gifted it to you on level 9 of the Dungeon)

   It causes projectiles fired from it to freeze those they strike, causing
   extra injury to most foes and up to half again as much damage against
   particularly susceptible opponents.
   They can also slow down cold-blooded creatures.
   It affects your intelligence (+4).
   It affects your resistance to hostile enchantments.
 Z - the +5 great mace "Jotosm" {vamp, rPois Dex+3}
   (Trog gifted it to you on level 11 of the Dungeon)

   It inflicts no extra harm, but heals its wielder somewhat when it strikes a
   living foe.
   It affects your dexterity (+3).
   It protects you from poison.
Missiles
 d - 37 poisoned needles
 m - 2 javelins (quivered)
 p - 4 silver tomahawks
Armour
 q - a +0 buckler
 w - a +0 pair of boots (worn)
 H - a +2 shield (worn)
 J - a +0 cloak (worn)
Jewellery
 x - an amulet of guardian spirit (around neck)
 z - a ring of protection from fire (left hand)
 D - an uncursed amulet of rage
 P - an uncursed amulet of faith {unknown}
Wands
 r - a wand of disintegration (9/24)
 A - a wand of flame (15/48)
 U - a wand of slowing (34/48)
 W - a wand of slowing (10/48)
 X - a wand of polymorph (12/24)
 Y - a wand of iceblast (5/15)
Scrolls
 c - 2 scrolls of identify
 e - 2 scrolls of fear {unknown}
 f - 3 scrolls of remove curse
 g - a scroll of silence {unknown}
 h - 8 scrolls of teleportation {unknown}
 l - 5 scrolls of enchant armour {unknown}
 v - 2 scrolls of immolation {unknown}
 y - 4 scrolls of amnesia {unknown}
 C - a scroll of noise {unknown}
 G - 3 scrolls of magic mapping {unknown}
 I - a scroll of enchant weapon {unknown}
 O - a scroll of holy word {unknown}
 Q - 2 scrolls of recharging {unknown}
 R - a scroll of acquirement {unknown}
Potions
 i - a potion of brilliance
 j - 5 potions of might
 k - a potion of berserk rage
 s - 8 potions of haste
 t - a potion of heal wounds
 B - a potion of cure mutation
 E - a potion of cancellation
 M - 2 potions of agility
 N - 4 potions of curing
 S - a potion of flight
Books
 u - a book of the Warp

   Spells                             Type                      Level
   a - Recall                         Summoning/Translocation      3
   b - Gell's Gravitas                Hexes/Translocation          3
   c - Force Lance                    Conjuration/Translocation    4
   d - Warp Weapon                    Charms/Translocation         5
   e - Summon Forest                  Summoning/Translocation      5
   Trog disapproves of the use of such an item.
 T - a book of the Earth

   Spells                             Type                      Level
   a - Leda's Liquefaction            Hexes/Earth                  4
   b - Bolt of Magma                  Conjuration/Fire/Earth       5
   c - Statue Form                    Transmutation/Earth          6
   d - Iron Shot                      Conjuration/Earth            6
   e - Shatter                        Earth                        9
   Trog disapproves of the use of such an item.
Comestibles
 b - 6 bread rations
 o - 10 royal jellies
 F - 2 beef jerkies


   Skills:
 + Level 10.0 Fighting
 + Level 11.3 Maces & Flails
 + Level 9.6 Dodging
 + Level 4.4 Stealth
 + Level 6.4 Shields


You had 10 spell levels left.
You didn't know any spells.

Dungeon Overview and Level Annotations

Branches:
Dungeon (11/15)            Temple (0/1) D:4            Lair (1/8) D:10
    Orc (0/2) D:9

Altars:
Dithmenos
Elyvilon
Kikubaaqudgha
Makhleb
Nemelex Xobeh
Sif Muna
Vehumet
Xom
Zin
Beogh

Shops:
D:4 [?!


Innate Abilities, Weirdness & Mutations

You can breathe blasts of noxious fumes.
Your lurid green scales are hard (AC +7).
Your body does not fit into most forms of armour.
Your system is resistant to poisons.
You are cold-blooded and may be slowed by cold attacks.


Message History

You sock the fire crab!
The fire crab is almost dead.
You are engulfed in roaring flames.
You resist.
* * * LOW HITPOINT WARNING * * *
The fire crab breathes flames at you. The blast of flame engulfs you!
You resist.
* * * LOW HITPOINT WARNING * * *
You completely miss the fire crab.
The fire crab is almost dead.
You are engulfed in roaring flames.
You resist.
* * * LOW HITPOINT WARNING * * *
The fire crab bites you.
* * * LOW HITPOINT WARNING * * *
You are engulfed in flames.
You resist.
* * * LOW HITPOINT WARNING * * *
You block the fire crab's attack.
You hit the fire crab.
The fire crab is almost dead.
You are engulfed in roaring flames.
You resist.
You die...

#..♣ ♣... ...♣ ♣
#..♣♣♣..######..♣ ♣
##..♣♣..#⌠...#..♣♣#
##.♣♣..'....#.....
##§#♣♣..'.†<†#.....
#.#.♣♣..'.††(#...†.
##§♣♣♣..#⌠...#..♣♣.
#§t♣ ♣..######..♣♣♣
#§@♣ ♣..........♣ ♣
.....§§§♣
♣..........♣ ♣
##.###.§♣
♣♣♣♣♣♣♣♣♣♣♣♣ ♣ ##..
.... .... .....
......


You could see a fire crab.

Vanquished Creatures
  3 skeletal warriors (D:11)
  An unseen horror (D:10)
  An ugly thing (D:11)
  The ghost of Aelig the Tainter, a novice OpVM (D:7)
  Joseph (D:8)
  A kobold demonologist (D:11)
  A queen bee (D:10)
  3 trolls (D:11)
  Prince Ribbit (D:8)
  A wraith (D:11)
  6 yaks (D:11)
  Grum (D:8)
  A hippogriff (D:8)
  A steam dragon (D:11)
  Menkaure (D:7)
  A water moccasin (Lair:1)
  A porcupine (Lair:1)
  4 ice beasts
  7 orc warriors
  A sky beast (D:8)
  2 phantoms (D:10)
  2 wolves (D:8)
  2 centaurs
  4 ogres
  An eye of draining (D:9)
  3 crocodiles
  3 big kobolds
  Blork the orc (D:6)
  5 elf zombies (Ossuary)
  8 giant frogs
  A gnoll sergeant (D:10)
  6 scorpions
  20 killer bees (D:10)
  2 howler monkeys
  2 wights (D:11)
  4 crimson imps
  8 centaur zombies
  Crazy Yiuf (D:6)
  2 jellies
  3 hounds
  4 giant frog skeletons
  10 orc priests
  8 orc wizards
  2 iguanas
  Ijyb (D:3)
  Terence (D:3)
  8 worker ants
  A killer bee zombie (D:8)
  A hound skeleton (D:4)
  3 mummies (Ossuary)
  A worker ant zombie (D:10)
  4 adders
  7 gnolls
  7 river rats (Lair:1)
  An ooze (D:7)
  3 adder skeletons
  An adder zombie (D:6)
  3 dart slugs
  5 giant geckos
  45 orcs
  10 giant cockroaches
  4 goblins
  8 hobgoblins
  7 jackals (Sewer)
  2 quokkas
  5 ball pythons
  7 bats
  A giant gecko skeleton (D:4)
  A giant gecko zombie (D:7)
  8 giant newts
  27 kobolds
  A quokka skeleton (D:8)
  A quokka zombie (D:6)
  9 rats
  4 plants (Sewer)
329 creatures vanquished.

Vanquished Creatures (collateral kills)
  3 killer bees (D:10)
3 creatures vanquished.

Vanquished Creatures (others)
  A killer bee (D:10)
  A fungus (D:6)
  A plant (Sewer)
3 creatures vanquished.

Grand Total: 335 creatures vanquished

Notes
Turn   | Place    | Note
--------------------------------------------------------------
     0 | D:1      | st0uf the Draconian Berserker began the quest for the Orb.
     0 | D:1      | Reached XP level 1. HP: 19/19 MP: 1/1
   171 | D:1      | Reached XP level 2. HP: 22/26 MP: 2/2
   845 | D:1      | Reached ** piety under Trog
  1000 | D:2      | Reached XP level 3. HP: 24/31 MP: 3/3
  1675 | D:3      | Reached XP level 4. HP: 30/40 MP: 4/4
  1820 | D:3      | Found a glowing drain.
  1828 | Sewer    | Entered a sewer
  1989 | Sewer    | Reached *** piety under Trog
  2758 | D:3      | Reached XP level 5. HP: 19/46 MP: 5/5
  2759 | D:3      | Reached skill level 4 in Maces & Flails
  3374 | D:3      | Noticed Ijyb
  3383 | D:3      | Killed Ijyb
  3403 | D:3      | Noticed Terence
  3420 | D:3      | Killed Terence
  3654 | D:3      | Found a sparkling altar of Nemelex Xobeh.
  3746 | D:3      | Reached **** piety under Trog
  3746 | D:3      | Reached XP level 6. HP: 53/53 MP: 6/6
  3800 | D:4      | Found Teuwus's Distillery.
  3865 | D:4      | Found Sacetta's Armour Shop.
  3897 | D:4      | Found Hutuy's Magic Scroll Shop.
  3910 | D:4      | Bought a scroll of remove curse for 39 gold pieces
  3910 | D:4      | Bought a scroll of identify for 26 gold pieces
  4136 | D:4      | Found a shadowy altar of Dithmenos.
  4231 | D:4      | Reached skill level 5 in Dodging
  4527 | D:4      | Your scales start taking on a lurid green colour.
  4527 | D:4      | Reached XP level 7. HP: 52/60 MP: 7/7
  4527 | D:4      | Gained mutation: Your system is resistant to poisons. [Green Draconian growth]
  4635 | D:4      | Found a staircase to the Ecumenical Temple.
  4739 | D:4      | You fall through a shaft for 2 floors!
  4739 | D:6      | Noticed Blork the orc
  4753 | D:6      | Killed Blork the orc
  4753 | D:6      | Reached skill level 5 in Maces & Flails
  4768 | D:6      | Reached skill level 5 in Fighting
  5044 | D:6      | Found a white marble altar of Elyvilon.
  5044 | D:6      | Found an ancient bone altar of Kikubaaqudgha.
  5045 | D:6      | Found a deep blue altar of Sif Muna.
  5084 | D:6      | Reached skill level 1 in Shields
  5085 | D:6      | Reached skill level 1 in Stealth
  5401 | D:6      | Reached XP level 8. HP: 69/69 MP: 8/8
  5487 | D:6      | Noticed Crazy Yiuf
  5494 | D:6      | Killed Crazy Yiuf
  5792 | D:6      | Reached skill level 6 in Maces & Flails
  5855 | D:6      | Found a burning altar of Makhleb.
  6285 | D:7      | Noticed Aelig's ghost (novice OpVM)
  6321 | D:7      | Noticed Menkaure
  6403 | D:8      | Reached skill level 7 in Maces & Flails
  6471 | D:8      | Reached XP level 9. HP: 47/77 MP: 9/9
  6513 | D:8      | Found a sand-covered staircase.
  6518 | Ossuary  | Entered an ossuary
  6804 | D:8      | Found a radiant altar of Vehumet.
  6843 | D:8      | Noticed Joseph
  6845 | D:8      | Noticed Prince Ribbit
  6859 | D:8      | Killed Joseph
  6859 | D:8      | Reached skill level 8 in Maces & Flails
  6862 | D:8      | Killed Prince Ribbit
  6876 | D:8      | Found a glowing silver altar of Zin.
  6967 | D:8      | Noticed Grum
  6975 | D:8      | Killed Grum
  6975 | D:8      | Reached skill level 9 in Maces & Flails
  6996 | D:8      | Reached ***** piety under Trog
  7531 | D:7      | Reached XP level 10. HP: 88/88 MP: 10/10
  7709 | D:7      | Killed Menkaure
  7852 | D:7      | Killed Aelig's ghost
  8154 | D:9      | Found a staircase to the Orcish Mines.
  8228 | D:9      | Found a roughly hewn altar of Beogh.
  8329 | D:9      | Received a gift from Trog
  8330 | D:9      | Got a crystal greatsling {god gift}
  8334 | D:9      | Identified the +5 greatsling of the Abyss {freeze, MR- Int+4} (Trog gifted it to you on level 9 of the Dungeon)
  8520 | D:10     | Entered Level 10 of the Dungeon
  8615 | D:10     | Found a staircase to the Lair.
  8736 | D:10     | Found a shimmering altar of Xom.
  8781 | D:10     | Reached skill level 10 in Maces & Flails
  9627 | D:10     | Noticed an unseen horror
  9640 | D:10     | Killed an unseen horror
  9640 | D:10     | Reached skill level 5 in Shields
  9640 | D:10     | Reached XP level 11. HP: 86/97 MP: 9/11
  9732 | D:11     | Noticed a skeletal warrior
  9745 | D:11     | Killed a skeletal warrior
  9757 | D:11     | Noticed a skeletal warrior
  9766 | D:11     | Killed a skeletal warrior
  9971 | D:11     | Noticed a skeletal warrior
 10020 | D:11     | Killed a skeletal warrior
 10254 | D:11     | Reached skill level 11 in Maces & Flails
 10273 | D:11     | Received a gift from Trog
 10274 | D:11     | Got a brightly glowing great mace {god gift}
 10280 | D:11     | Identified the +5 great mace "Jotosm" {vamp, rPois Dex+3} (Trog gifted it to you on level 11 of the Dungeon)
 10435 | D:11     | Noticed a cyan ugly thing
 10458 | D:11     | Killed a cyan ugly thing
 10458 | D:11     | Reached skill level 10 in Fighting
 10659 | Lair:1   | Entered Level 1 of the Lair of Beasts
 10833 | Lair:1   | Noticed a fire crab
 10851 | Lair:1   | HP: 4/99 [fire crab (4)]
 10852 | Lair:1   | Engulfed by a fire crab's flame

Skill      XL: |  1  2  3  4  5  6  7  8  9 10 11 |
---------------+----------------------------------+-----
Dodging        | 3 4 5 6 7 8 9 |  9.6
Fighting       | 4 5 6 7 9 10 | 10.0
Maces & Flails | 4 5 7 9 10 11 | 11.3
Shields        | 1 2 3 5 6 |  6.4
Stealth        | 1 2 3 4 |  4.4

Action                   |  1- 3 |  4- 6 |  7- 9 | 10-12 || total
-------------------------+-------+-------+-------+-------++-------
Melee: Mace              |   124 |   449 |    75 |       ||   648
       Tailslap          |    16 |    62 |    30 |    37 ||   145
       Eveningstar       |       |       |   181 |   349 ||   530
Invok: Berserk           |     1 |     1 |     2 |     2 ||     6
       Trog's Hand       |       |     1 |       |       ||     1
       Brothers in Arms  |       |       |     1 |     1 ||     2
 Abil: Breathe Noxious F |       |       |     7 |    18 ||    25
  Use: Scroll            |       |       |     3 |    12 ||    15
 Stab: Confused          |       |       |     5 |     9 ||    14
       Petrifying        |       |       |       |     1 ||     1
  Eat: Chunk             |     2 |     9 |    14 |     8 ||    33
       Bread ration      |       |     1 |       |       ||     1
       Meat ration       |       |       |       |     1 ||     1
       Beef jerky        |       |       |       |     1 ||     1
Armor: Skin              |    34 |    91 |    62 |    84 ||   271
Dodge: Dodged            |    79 |   235 |    97 |   156 ||   567
Block: Buckler           |       |    11 |     6 |       ||    17
       Shield            |       |       |    71 |   199 ||   270
